AoeStats
← DaddyDabes

Four Lakes

509474549Analyzed
1v1 RM · 6d ago on Sep 26, 2026· 45m 0s· 2 players
Game mode
Random Map
Map size
Tiny (2 player)
Population
200
Speed
Normal
Resources
Standard
Victory
Conquest
Starting age
Dark Age
Ending age
Imperial Age
RankedLock teamsTeams togetherTeam positionsShared explorationLock speedFull tech treeHidden civsTurbo modeCheats
Victory
Defeat
🇨🇦 Japanese · Canada
1128
+17
🇳🇱 Italians · Netherlands
1144
-17
DaddyDabes
11:02 Feudal Age
11:13 Loom
11:17 Man-at-Arms
11:53 Fishing Lines
16:55 Double-Bit Axe
19:36 Castle Age
17:37 Gold Mining
17:44 Fletching
17:54 Padded Archer Armor
20:27 Bow Saw
20:57 Gold Shaft Mining
20:59 Bloodlines
20:50 Husbandry
21:07 Thumb Ring
21:19 Gillnets
22:05 Bodkin Arrow
22:26 Leather Archer Armor
25:37 Ballistics
28:08 Wheelbarrow
28:11 Stone Mining
31:44 Imperial Age
32:05 Hand Cart
32:47 Bracer
33:18 Ring Archer Armor
33:13 Heavy Cavalry Archer
34:20 Parthian Tactics
34:58 Kataparuto
39:35 Chemistry
42:55 Light Cavalry
44:13 Forging
44:09 Scale Barding Armor
Wilko
10:10 Feudal Age
8:30 Loom
12:53 Town Watch
15:28 Castle Age
13:16 Fishing Lines
14:06 Double-Bit Axe
15:10 Fletching
17:08 Wheelbarrow
16:42 Crossbowman
17:41 Horse Collar
18:15 Bow Saw
17:59 Gillnets
19:34 Heavy Plow
20:54 Gold Mining
21:26 Padded Archer Armor
22:06 Thumb Ring
24:16 Hand Cart
24:09 Stone Mining
25:09 Ballistics
26:37 Bodkin Arrow
27:00 Leather Archer Armor
36:04 Imperial Age
34:47 Scale Barding Armor
35:07 Fortified Wall
35:09 Masonry
36:53 Chain Barding Armor
36:44 Forging
37:49 Chemistry
37:21 Architecture
36:54 Bracer
36:26 Elite Genoese Crossbowman
36:40 Light Cavalry
37:21 Husbandry
38:56 Crop Rotation
39:28 Two-Man Saw
40:52 Elite Skirmisher
44:12 Ring Archer Armor
Connection lost

Rejoining the realm…

Still unreachable

The connection could not be restored.

Session expired

The server has moved on; the page needs a fresh start.